 Dungeon Crawl Stone Soup version 0.27.1-35-g4d5d836560 (console) character file.

Game seed: 8803621429260809740

858 grimtooth the Tainter (level 8, -7/52 HPs)
             Began as a Formicid Venom Mage on Dec 2, 2022.
             Was an Initiate of Makhleb.
             Mangled by a troll (9 damage)
             ... on level 5 of the Dungeon.
             The game lasted 00:25:33 (5382 turns).

grimtooth the Tainter (Formicid Venom Mage)         Turns: 5382, Time: 00:25:33

Health: -7/52      AC:  3    Str: 15    XL:     8   Next: 22%
Magic:  3/12       EV: 12    Int: 15    God:    Makhleb [......]
Gold:   200        SH:  0    Dex: 11    Spells: 5/13 levels left

rFire    . . .     SeeInvis +   b - +0 hunting sling
rCold    . . .     Faith    .   (no shield)
rNeg     . . .     Spirit   .   g - +0 robe
rPois    .         Reflect  .   (helmet unavailable)
rElec    .         Harm     .   (no cloak)
rCorr    .         Rampage  .   i - +0 pair of gloves
Will     .....                  (no boots)
Stlth    ++........             (no amulet)
HPRegen  0.17/turn              s - ring of flight
MPRegen  0.13/turn              (no ring)

@: flying
A: permanent stasis, dig shafts and tunnels, antennae 3, four strong arms
a: Dig, Shaft Self, Renounce Religion


You were on level 5 of the Dungeon.
You worshipped Makhleb.
Makhleb was noncommittal.
You visited 1 branch of the dungeon, and saw 5 of its levels.

You collected 200 gold pieces.

Inventory:

Hand Weapons
 a - a +4 falchion
 b - a +0 hunting sling (weapon)
Missiles
 d - 41 stones (quivered ammo)
 p - 11 boomerangs
 r - 29 sling bullets
 t - 27 poisoned darts
Armour
 g - a +0 robe (worn)
 i - a +0 pair of gloves (worn)
 l - a +0 buckler
Jewellery
 s - a ring of flight (left hand)
Wands
 q - a wand of flame (14)
Scrolls
 c - a scroll of fear {unknown}
 e - 2 scrolls of teleportation {unknown}
 f - a scroll of noise {unknown}
 h - 2 scrolls of blinking {unknown}
 k - 2 scrolls of magic mapping {unknown}
 n - 2 scrolls of immolation {unknown}
 u - a scroll of identify {unknown}
 v - a scroll of fog {unknown}
Potions
 j - a potion of lignification {unknown}
 m - 2 potions of invisibility {unknown}
 o - a potion of heal wounds {unknown}


   Skills:
 - Level 1.7 Dodging
 + Level 3.8 Stealth
 - Level 3.0 Spellcasting
 - Level 3.0 Transmutations
 * Level 10.7 Poison Magic


You had 5 spell levels left.
You knew the following spells:

 Your Spells              Type           Power      Damage    Failure   Level
a - Sting                 Tmut/Pois      88%        1d7       1%          1
c - Mephitic Cloud        Conj/Pois/Air  13%        N/A       14%         3
t - Olgreb's Toxic Radia  Pois           34%        N/A       2%          4

Your spell library contained the following spells:

 Spells                   Type           Power      Damage    Failure   Level
 Poisonous Vapours        Pois/Air       36%        N/A       3%          2
 Apportation              Tloc           4%         N/A       21%         1
 Alistair's Intoxication  Tmut/Pois      14%        N/A       32%         5
 Invisibility             Hex            1%         N/A       100%        6


Dungeon Overview and Level Annotations

Branches:
Dungeon (5/15)             Temple (0/1) D:5

Altars:
Hepliaklqana
Makhleb
Sif Muna
Vehumet
Wu Jian

Annotations:
D:3 2 transporters, 0gre's ghost, amateur GnIE
D:5 exclusion: ice beast


Innate Abilities, Weirdness & Mutations

You cannot be hasted, slowed, berserked, paralysed or teleported.
You can dig through walls and to a lower floor.
You have a pair of large antennae on your head. (SInv)
Your four strong arms can wield two-handed weapons with a shield.


Message History

Casting: Sting (safe; 1% risk of failure)
Confirm with . or Enter, or press ? or * to list all spells.
Aiming: Sting (safe; 1% risk of failure)
Press: ? - help, Shift-Dir - straight line, f/p - troll
Aim: a troll (lightly wounded, extremely poisoned, 76% to hit)
The sting hits the troll.
The troll looks as sick as possible!
The troll is lightly wounded.
There is a stone staircase leading up here.
Press: ? - help, v - describe, . - travel
Here: a troll (moderately wounded, very poisoned)
The floor.
Casting: Sting (safe; 1% risk of failure)
Confirm with . or Enter, or press ? or * to list all spells.
Aiming: Sting (safe; 1% risk of failure)
Press: ? - help, Shift-Dir - straight line, f/p - troll
Aim: a troll (moderately wounded, very poisoned, 76% to hit)
The sting hits the troll.
The troll looks as sick as possible!
The troll is heavily wounded.
The troll completely misses you. The troll claws you! x2
Your magical contamination has completely faded away.
You extend your mandibles.
You dig through the rock wall.
The troll bites you!
* * * LOW HITPOINT WARNING * * *
The troll claws you.
* * * LOW HITPOINT WARNING * * *
The troll claws you.
* * * LOW HITPOINT WARNING * * *
You dig through the rock wall.
You retract your mandibles.
Press: ? - help, v - describe, . - travel
Here: a troll (heavily wounded, very poisoned)
The floor.
Okay, then.
Press: ? - help, v - describe, . - travel
Here: a troll (heavily wounded, poisoned)
The floor.
The troll bites you!
* * * LOW HITPOINT WARNING * * *
The troll claws you!
You die...

## .... #..... ##. #.. #.....
##..#####.#### #.....
..(.......##.# #.....
..(.......##.###############.....
...(...................#.##......
...(.....####....(.....)#.)....).
.........# ###.......<..........
.....†T..# #..........[.......
.........# #..T...............
.###.###.######.@##...........###
..............................##
...<........####............##.##
......###........................
............................#####
.....^##...#.##............##
##.#######...##.#.....#....#
....####............###...##
.....#..............# #.###
#..................## #.#
#........#.........# ##.#


You could see a troll (poisoned).

Vanquished Creatures
  A black bear (D:4)
  2 necrophages
  3 ogres (D:5)
  2 orc priests
  A hound (D:5)
  A bullfrog skeleton (D:5)
  A jelly (D:5)
  2 orc wizards (D:4)
  An iguana (D:5)
  5 adders
  A white imp (D:5)
  A worm (D:2)
  13 orcs
  4 bats
  7 endoplasms
  4 giant cockroaches
  6 hobgoblins
  3 quokkas (D:1)
  5 ball pythons
  3 frilled lizards
  5 goblins
  4 kobolds
  8 rats
83 creatures vanquished.

Notes
Turn   | Place    | Note
-------+----------+-------------------------------------------
     0 | D:1      | grimtooth the Formicid Venom Mage began the quest for the
                  | Orb.
     0 | D:1      | Reached XP level 1. HP: 13/13 MP: 3/3
   118 | D:1      | Reached XP level 2. HP: 19/19 MP: 0/5
   763 | D:1      | Reached skill level 5 in Poison Magic
   763 | D:1      | Reached XP level 3. HP: 24/24 MP: 2/6
  1327 | D:2      | Reached XP level 4. HP: 30/30 MP: 5/8
  1851 | D:3      | Noticed 0gre's ghost (amateur GnIE)
  1874 | D:3      | Found a burning altar of Makhleb.
  1916 | D:3      | Reached skill level 6 in Poison Magic
  1988 | D:3      | Found an ornate altar of the Wu Jian Council.
  2280 | D:3      | Reached XP level 5. HP: 32/35 MP: 3/9
  2311 | D:3      | Found a radiant altar of Vehumet.
  2522 | D:3      | Found a shimmering blue altar of Sif Muna.
  2651 | D:3      | Found a transporter.
  2659 | D:3      | Found a transporter.
  2747 | D:3      | Became a worshipper of Makhleb the Destroyer
  3101 | D:4      | Noticed a necrophage
  3113 | D:4      | Killed a necrophage
  3114 | D:4      | Reached skill level 7 in Poison Magic
  3114 | D:4      | Reached XP level 6. HP: 31/41 MP: 10/10
  3241 | D:4      | Learned a level 4 spell: Olgreb's Toxic Radiance
  3245 | D:4      | Learned a level 3 spell: Mephitic Cloud
  3421 | D:4      | Found a hazy altar of Hepliaklqana.
  3472 | D:4      | Reached skill level 8 in Poison Magic
  4151 | D:5      | Entered Level 5 of the Dungeon
  4151 | D:5      | Found a staircase to the Ecumenical Temple.
  4163 | D:5      | Noticed an ogre
  4178 | D:5      | Noticed a necrophage
  4194 | D:5      | Killed an ogre
  4195 | D:5      | Reached XP level 7. HP: 22/46 MP: 7/11
  4433 | D:5      | Noticed a troll
  4533 | D:5      | Reached skill level 9 in Poison Magic
  4999 | D:5      | Reached skill level 10 in Poison Magic
  5148 | D:5      | Reached XP level 8. HP: 52/52 MP: 8/12
  5382 | D:5      | HP: 2/52 [troll (13)]
  5382 | D:5      | Mangled by a troll

Illustrated notes

Levels and vault maps discovered:
D:1:      giann_horns, layout_basic
D:2:      layout_loops_cross
D:3:      layout_rooms, vehumet_altar_wand_db, overflow_temple_1_default,
          mainiacjoe_overflow_catwalk_spiral, gammafunk_ghost_arena
D:4:      cheibrodos_pilgrimage, layout_layer_cave, mainiacjoe_overflow_24_doors
D:5:      layout_rooms, minmay_temple_entry_purple_smoke,
          kennysheep_generic_room_9

Skill      XL: |  1  2  3  4  5  6  7 |
---------------+----------------------+-----
Poison Magic   | 5 6 7 8 10 | 10.7
Spellcasting   | 3 |  3.0
Transmutations | 2 3 |  3.0
Stealth        | 3 |  3.8
Dodging        | |  1.7

Action                   |  1- 3 |  4- 6 |  7- 9 || total
-------------------------+-------+-------+-------++-------
Melee: Unarmed           |     4 |       |       ||     4
       Falchion          |    10 |    21 |    18 ||    49
 Fire: Hunting sling     |       |    32 |    25 ||    57
Throw: Dart              |       |    12 |     4 ||    16
 Cast: Sting             |    64 |    69 |    23 ||   156
       Olgreb's Toxic Ra |       |       |     2 ||     2
 Abil: Dig               |       |     2 |     5 ||     7
Evoke: Wand              |       |       |     1 ||     1
 Stab: Sleeping          |       |     1 |       ||     1
Armor: Robe              |     9 |    12 |    11 ||    32
Dodge: Dodged            |    30 |    32 |    30 ||    92
       Rpst.: Falchion   |     2 |     7 |     3 ||    12
